 Dungeon Crawl Stone Soup version 0.31.0-9-g3a7656b989 (webtiles) character file.

Game seed: 15804901711764739989

93 qw the Shooter (level 4, -5/25 HPs)
             Began as a Deep Elf Hunter on Feb 2, 2024.
             Killed by nerve-wracking pain
             ... invoked by Grinder
              (14 damage)
             ... on level 3 of the Dungeon.
             The game lasted 00:00:05 (1384 turns).

qw the Shooter (Deep Elf Hunter)                    Turns: 1384, Time: 00:00:05

Health: -5/25      AC:  5    Str:  9 (10) XL:     4   Next: 36%
Magic:  6/6        EV: 10    Int: 11 (14) God:
Gold:   85         SH:  0    Dex: 17 (18) Spells: 3/3 levels left

rFire   . . .        a - +0 shortbow
rCold   . . .        (shield currently unavailable)
rNeg    . . .        d - +0 ring mail
rPois   .            (no helmet)
rElec   .            (no cloak)
rCorr   .            (no gloves)
SInv    .            (no boots)
Will    .....        (no amulet)
Stlth   +            (no ring)
HPRegen 0.24/turn    (no ring)
MPRegen 0.10/turn

%: no passive effects
@: hasted, very quick
A: no striking features
a: no special abilities


You were on level 3 of the Dungeon.
You visited 1 branch of the dungeon, and saw 3 of its levels.

You collected 85 gold pieces.


   Skills:
 - Level 1.5 Fighting
 + Level 7.8 Ranged Weapons
 - Level 2.4 Dodging
 - Level 1.2 Stealth


You had 3 spell levels left.
You didn't know any spells.
Your spell library was empty.

Inventory:

Hand Weapons
 a - a +0 shortbow (weapon)
Armour
 d - a +0 ring mail (worn)
Jewellery
 b - a ring of protection from cold
 f - a ring of fire
Potions
 c - a potion of curing

Dungeon Overview and Level Annotations

Branches:
Dungeon (3/15)

Altars:
Ashenzari

Annotations:
D:3 Grinder


Message History

You shoot an arrow. The arrow hits the gnoll.
The gnoll is heavily wounded.
The gnoll closely misses you. x2
You shoot an arrow.
The arrow hits the gnoll but does no damage.
The gnoll is heavily wounded.
You shoot an arrow. The arrow hits the gnoll.
The gnoll is almost dead.
The gnoll hits you with a +0 whip.
The gnoll hits you from afar with a +0 spear.
You shoot an arrow. The arrow hits the gnoll.
You kill the gnoll!
The gnoll hits you from afar with a +0 spear!
You feel your dexterity returning.
1377 ||| DRINKING potion of heal wounds.
You feel much better.
The gnoll hits you from afar with a +0 spear.
You shoot an arrow. The arrow hits the gnoll.
The gnoll is lightly wounded.
The gnoll closely misses you.
You shoot an arrow. The arrow hits the gnoll.
The gnoll is lightly wounded.
You shoot an arrow. The arrow closely misses the gnoll.
Grinder blinks!
The gnoll barely misses you.
You shoot an arrow.
The arrow hits the gnoll but does no damage.
The gnoll is lightly wounded.
The gnoll hits you from afar with a +0 spear.
You shoot an arrow. The arrow closely misses the gnoll.
Grinder gestures at you. Pain shoots through your body!
The gnoll hits you from afar with a +0 spear.
You shoot an arrow. The arrow hits the gnoll!
You kill the gnoll!
You shoot an arrow. The arrow closely misses Grinder.
Grinder gestures at you. Pain shoots through your body!
Ouch! That really hurt!
You die...
Grinder sighs, "Dead already?
I want a refund."

### ... ..7777.
....... g....>#
......# ######).....#
##### ##...@).5....#
....# ##..####......#
#...###..## .......#
#.......###..########
#...###.....#
#...#...##### #...###
##..## ##..##


You could see Grinder.

Vanquished Creatures
  3 gnolls (D:3)
  An adder (D:2)
  An orc (D:3)
  6 ball pythons
  5 bats
  6 endoplasms
  A giant cockroach (D:2)
  7 goblins
  4 hobgoblins
  4 jackals (D:1)
  2 quokkas
  7 kobolds
  3 rats
50 creatures vanquished.

Notes
Turn   | Place    | Note
-------+----------+-------------------------------------------
     0 | D:1      | qw the Deep Elf Hunter began the quest for the Orb.
     0 | D:1      | Reached XP level 1. HP: 12/12 MP: 3/3
     0 | D:1      | 0 ||| qw: Version: 0.3-a-155-g5e7d8dd
     0 | D:1      | 0 ||| qw: Game counter: 1863
     0 | D:1      | 0 ||| qw: Melee chars always use a shield: true
     0 | D:1      | 0 ||| qw: God list: Okawaru
     0 | D:1      | 0 ||| qw: Allow faded altars: false
     0 | D:1      | 0 ||| qw: Do Orc after clearing Dungeon:15 true
     0 | D:1      | 0 ||| qw: Do second Lair branch before Depths: true
     0 | D:1      | 0 ||| qw: Lair rune preference: random
     0 | D:1      | 0 ||| qw: Goals: Normal
     0 | D:1      | 0 ||| PLANNING D:1-11
    61 | D:1      | Found a faded altar of an unknown god.
    70 | D:1      | Reached skill level 6 in Ranged Weapons
    70 | D:1      | Reached XP level 2. HP: 16/16 MP: 4/4
   636 | D:1      | Reached XP level 3. HP: 20/20 MP: 5/5
   650 | D:1      | 650 ||| UPGRADING to +0 ring mail.
   660 | D:1      | 660 ||| DROPPING +0 leather armour.
   661 | D:1      | 661 ||| READING 2 scrolls labelled APLAIH POEL.
   662 | D:1      | 662 ||| READING 2 scrolls labelled QOTIOF NEZASH.
   662 | D:1      | 662 ||| IDENTIFYING lumpy blue potion
   663 | D:1      | 663 ||| READING scroll of identify.
   663 | D:1      | 663 ||| IDENTIFYING white potion
   664 | D:1      | 664 ||| DRINKING 2 clear potions.
   665 | D:1      | 665 ||| DRINKING pink potion.
   669 | D:1      | 669 ||| DROPPING scroll of butterflies.
   670 | D:1      | 670 ||| DROPPING potion of ambrosia.
   671 | D:1      | 671 ||| DROPPING scroll of immolation.
   773 | D:2      | Found a broken altar of Ashenzari.
   980 | D:2      | Reached skill level 7 in Ranged Weapons
  1240 | D:2      | 1240 ||| READING 2 scrolls of identify.
  1240 | D:2      | 1240 ||| IDENTIFYING orange potion
  1241 | D:2      | 1241 ||| READING scroll of identify.
  1241 | D:2      | 1241 ||| IDENTIFYING 2 coppery potions
  1242 | D:2      | 1242 ||| DROPPING 2 potions of invisibility.
  1364 | D:3      | Noticed Grinder
  1365 | D:3      | 1365 ||| RETREEEEATING.
  1371 | D:3      | Reached XP level 4. HP: 18/25 MP: 6/6
  1371 | D:3      | 1371 ||| DRINKING potion of haste.
  1376 | D:3      | HP: 6/25 [gnoll/+0 spear (7)]
  1377 | D:3      | 1377 ||| DRINKING potion of heal wounds.
  1384 | D:3      | Killed from afar by Grinder

Levels and vault maps discovered:
D:1:      lightli_arrival_lavapool, layout_loops_ring,
          chequers_ecumenical_altar_island
D:2:      layout_basic, basic_altar, minmay_misc_feat_square,
          kennysheep_crisscross
D:3:      minmay_wonky_spiral, layout_rooms, mainiacjoe_overflow_boulevard,
          mainiacjoe_overflow_concentric_impassable, uniq_grinder

Skill      XL: |  1  2  3 |
---------------+----------+-----
Ranged Weapons | 6 7 |  7.8
Fighting       | |  1.5
Dodging        | |  2.4
Stealth        | |  1.2

Action                     |  1- 3 |  4- 6 || total
---------------------------+-------+-------++-------
   Fire: Shortbow          |   131 |    12 ||   143
    Use: Scroll            |     5 |       ||     5
         Potion            |     2 |     2 ||     4
 Armour: Leather armour    |    10 |       ||    10
         Ring mail         |    26 |     8 ||    34
  Dodge: Dodged            |    34 |     4 ||    38

Table legend:
 A = Non-vault XP
 B = Vault XP
 C = Vault XP percentage of total XP
 D = Non-vault monster count
 E = Vault monster count
 F = Vault count percentage of total count
                 A         B        C        D         E       F
            +---------+---------+-------+---------+---------+-------
      Total |     133 |       0 |   0.0 |      50 |       0 |   0.0
            +---------+---------+-------+---------+---------+-------
        D:1 |      41 |       0 |   0.0 |      26 |       0 |   0.0
        D:2 |      37 |       0 |   0.0 |      14 |       0 |   0.0
        D:3 |      55 |       0 |   0.0 |      10 |       0 |   0.0
            +---------+---------+-------+---------+---------+-------
